[ AOE2 MATCH · #474378844 ]
Team RMVikings vs Lithuanians
[ REPLAY ANALYSIS · EXTRACTED FROM THE RECORDED GAME ]
Feudal
17:18
Castle
35:22
Imperial
41:31
| APM avg | 21.7 |
| APM peak | 56 |
| eAPM avg | 12.5 |
| Villagers / military | 58 / 29 |
Focus
⚔️ 25.5% · 🌾 74.5%
Militia ×26 · Fishing Ship ×6 · Battering Ram ×2 · Skirmisher ×1
Feudal
16:52
Castle
24:37
Imperial
41:46
| APM avg | 8.7 |
| APM peak | 38 |
| eAPM avg | 6.5 |
| Villagers / military | 72 / 49 |
Focus
⚔️ 27.6% · 🌾 72.4%
Cavalry Archer ×35 · Fishing Ship ×10 · Knight ×8 · Spearman ×5 · Monk ×1
Feudal
16:14
Castle
26:38
Imperial
—
| APM avg | 18.6 |
| APM peak | 48 |
| eAPM avg | 12.2 |
| Villagers / military | 83 / 26 |
Focus
⚔️ 14.6% · 🌾 85.4%
Fishing Ship ×14 · Militia ×9 · Archer ×6 · Demolition Raft ×4 · Petard ×4 · Spearman ×3
Feudal
16:15
Castle
24:22
Imperial
34:10
| APM avg | 11.8 |
| APM peak | 32 |
| eAPM avg | 9.2 |
| Villagers / military | 85 / 20 |
Focus
⚔️ 17.2% · 🌾 82.8%
Fishing Ship ×16 · Demolition Raft ×6 · Ballista Elephant ×6 · Unknown (2626) ×4 · Scorpion ×3 · Monk ×2
Feudal
16:09
Castle
26:25
Imperial
—
| APM avg | 11.7 |
| APM peak | 33 |
| eAPM avg | 8.4 |
| Villagers / military | 62 / 38 |
Focus
⚔️ 34.1% · 🌾 65.9%
Petard ×20 · Spearman ×15 · Fishing Ship ×12 · Battering Ram ×3
Feudal
15:52
Castle
21:15
Imperial
36:19
| APM avg | 16.0 |
| APM peak | 45 |
| eAPM avg | 11.2 |
| Villagers / military | 99 / 51 |
Focus
⚔️ 27.2% · 🌾 72.8%
Fishing Ship ×23 · Skirmisher ×16 · Knight ×10 · Trade Cart ×10 · Scout Cavalry ×9 · Trebuchet (Packed) ×9
Feudal
—
Castle
—
Imperial
—
| APM avg | 0.6 |
| APM peak | 25 |
| eAPM avg | 0.1 |
| Villagers / military | 0 / 0 |
Feudal
15:38
Castle
20:48
Imperial
—
| APM avg | 25.2 |
| APM peak | 55 |
| eAPM avg | 14.4 |
| Villagers / military | 140 / 92 |
Focus
⚔️ 22.4% · 🌾 77.6%
Konnik ×59 · Militia ×19 · Battering Ram ×14 · Fishing Ship ×6
Match map
Initial resources + every placement click. Lines = walls · curves = elevation contours. ◆ gold · ⬟ stone · ● berries · ✦ relic · ◌ wall gap
Your base· Open — 2t gap
Wolfgang5150's base· Open — unwalled flank
Rascota's base· Open — 11t gap
rafael.daniek's base· Open — 8t gap
BOT Sidra (Oscargután Puente)'s base· Open — 5t gap
wilderbeest1's base· Open — unwalled flank
P4jancio's base· Open — unwalled flank
kpearcechauhann's base· Open — 6t gap
Smoothed initial terrain · ◌ = detected wall gap · hover for details
Inputs per minute
— Searam - - Wolfgang5150
Build order — Searam
First 150 of 194 actions detected
| 1:44 | Build | Town Center |
| 2:05 | Build | House |
| 2:53 | Build | House |
| 3:40 | Build | House |
| 3:49 | Create | Villager (Male) |
| 3:49 | Create | Villager (Male) |
| 3:50 | Create | Villager (Male) |
| 3:50 | Create | Villager (Male) |
| 4:09 | Build | House |
| 4:45 | Build | Palisade Wall |
| 4:58 | Build | Palisade Wall |
| 5:04 | Build | House |
| 5:09 | Build | Palisade Wall |
| 5:24 | Create | Villager (Male) |
| 5:24 | Create | Villager (Male) |
| 6:03 | Research | Loom |
| 6:24 | Build | Dock |
| 6:37 | Create | Villager (Male) |
| 7:36 | Create | Villager (Male) |
| 7:51 | Build | House |
| 8:19 | Build | House |
| 8:46 | Create | Villager (Male) |
| 8:47 | Create | Villager (Male) |
| 8:56 | Build | House |
| 9:21 | Create | Villager (Male) |
| 9:55 | Create | Villager (Male) |
| 10:09 | Build | House |
| 10:17 | Create | Villager (Male) |
| 10:26 | Create | Fishing Ship |
| 10:30 | Create | Fishing Ship |
| 10:39 | Create | Villager (Male) |
| 11:17 | Create | Fishing Ship |
| 11:23 | Create | Villager (Male) |
| 11:23 | Create | Villager (Male) |
| 11:24 | Create | Villager (Male) |
| 11:24 | Create | Villager (Male) |
| 12:03 | Create | Villager (Male) |
| 12:05 | Create | Villager (Male) |
| 12:20 | Create | Villager (Male) |
| 12:21 | Create | Villager (Male) |
| 12:21 | Create | Villager (Male) |
| 12:47 | Build | Lumber Camp |
| 13:35 | Build | Mining Camp |
| 13:55 | Create | Villager (Male) |
| 14:07 | Create | Fishing Ship |
| 14:55 | Build | Palisade Wall |
| 14:59 | Research | Feudal Age |
| 15:39 | Build | Barracks |
| 16:49 | Create | Fishing Ship |
| 16:50 | Create | Fishing Ship |
| 17:01 | Create | Militia |
| 17:18 | Age | Feudal Age |
| 17:27 | Research | Man-at-Arms (upgrade) |
| 17:28 | Research | Arson |
| 17:48 | Build | Watch Tower |
| 18:03 | Create | Villager (Male) |
| 18:03 | Create | Villager (Male) |
| 18:03 | Create | Villager (Male) |
| 18:03 | Create | Villager (Male) |
| 18:24 | Build | Mill |
| 18:53 | Create | Militia |
| 18:53 | Create | Militia |
| 19:08 | Build | Farm |
| 19:40 | Create | Militia |
| 20:55 | Create | Militia |
| 20:56 | Create | Militia |
| 21:55 | Build | Market |
| 22:47 | Build | Town Center |
| 23:15 | Research | Gold Mining |
| 23:39 | Build | House |
| 23:40 | Build | House |
| 23:42 | Build | House |
| 23:42 | Build | House |
| 23:45 | Build | House |
| 23:45 | Build | House |
| 24:47 | Create | Villager (Male) |
| 24:47 | Create | Villager (Male) |
| 24:48 | Create | Villager (Male) |
| 24:48 | Create | Villager (Male) |
| 24:48 | Create | Villager (Male) |
| 24:49 | Create | Villager (Male) |
| 25:53 | Create | Villager (Male) |
| 25:54 | Create | Villager (Male) |
| 26:32 | Create | Villager (Male) |
| 26:32 | Create | Villager (Male) |
| 26:32 | Create | Villager (Male) |
| 26:41 | Build | Mining Camp |
| 27:10 | Create | Villager (Male) |
| 27:11 | Create | Villager (Male) |
| 27:11 | Create | Villager (Male) |
| 27:48 | Create | Villager (Male) |
| 27:48 | Create | Villager (Male) |
| 27:48 | Create | Villager (Male) |
| 28:04 | Build | Farm |
| 28:04 | Build | Farm |
| 28:05 | Build | Farm |
| 28:05 | Build | Farm |
| 28:05 | Build | Farm |
| 28:05 | Build | Farm |
| 28:06 | Build | Farm |
| 28:06 | Build | Farm |
| 28:07 | Build | Farm |
| 28:07 | Build | Farm |
| 28:07 | Build | Farm |
| 28:43 | Research | Tech 906 |
| 29:01 | Create | Villager (Male) |
| 29:01 | Create | Villager (Male) |
| 29:01 | Create | Villager (Male) |
| 30:22 | Build | Farm |
| 30:25 | Build | Farm |
| 30:25 | Build | Farm |
| 30:25 | Build | Farm |
| 30:26 | Build | Farm |
| 30:26 | Build | Farm |
| 30:38 | Build | Blacksmith |
| 31:30 | Research | Stone Mining |
| 31:35 | Research | Castle Age |
| 31:42 | Build | Archery Range |
| 31:53 | Build | Stone Wall |
| 31:55 | Build | Stone Wall |
| 32:09 | Build | Stone Wall |
| 33:21 | Build | Mining Camp |
| 33:40 | Create | Skirmisher |
| 33:56 | Build | Stone Wall |
| 34:04 | Build | Gate |
| 34:30 | Build | Stone Wall |
| 35:22 | Age | Castle Age |
| 35:36 | Build | Barracks |
| 35:38 | Build | Barracks |
| 35:39 | Build | Barracks |
| 35:44 | Research | Long Swordsman (upgrade) |
| 35:44 | Research | Gambesons |
| 35:45 | Research | Squires |
| 35:57 | Build | Town Center |
| 36:12 | Build | Town Center |
| 36:16 | Create | Villager (Male) |
| 36:16 | Create | Villager (Male) |
| 36:16 | Create | Villager (Male) |
| 36:17 | Create | Villager (Male) |
| 36:17 | Create | Villager (Male) |
| 36:33 | Research | Horse Collar |
| 37:02 | Build | Monastery |
| 37:12 | Build | Siege Workshop |
| 37:23 | Research | Forging |
| 37:23 | Research | Scale Mail Armor |
| 38:07 | Create | Militia |
| 38:08 | Create | Militia |
| 38:08 | Create | Militia |
| 38:08 | Create | Militia |
| 38:09 | Create | Militia |
Build order — Wolfgang5150
150 actions detected in the replay
| 1:04 | Build | Town Center |
| 3:27 | Research | Loom |
| 3:28 | Create | Villager (Male) ×4 |
| 4:56 | Create | Villager (Male) |
| 5:53 | Create | Villager (Male) |
| 6:10 | Create | Villager (Male) |
| 6:37 | Create | Villager (Male) |
| 6:57 | Create | Villager (Male) |
| 7:31 | Create | Villager (Male) |
| 7:32 | Create | Villager (Male) |
| 8:18 | Build | Mill |
| 8:25 | Create | Villager (Male) |
| 8:25 | Create | Villager (Male) |
| 9:13 | Create | Villager (Male) |
| 9:13 | Create | Villager (Male) |
| 9:59 | Build | Lumber Camp |
| 10:04 | Create | Villager (Male) |
| 10:04 | Create | Villager (Male) |
| 10:31 | Create | Villager (Male) |
| 10:31 | Create | Villager (Male) |
| 11:00 | Create | Villager (Male) |
| 12:22 | Build | Dock |
| 12:34 | Build | Mill |
| 12:54 | Create | Fishing Ship |
| 12:55 | Create | Fishing Ship |
| 13:10 | Create | Villager (Male) |
| 13:10 | Create | Villager (Male) |
| 13:35 | Create | Fishing Ship |
| 13:35 | Create | Fishing Ship |
| 13:39 | Create | Fishing Ship |
| 14:01 | Create | Villager (Male) |
| 14:02 | Create | Villager (Male) |
| 14:15 | Build | Mining Camp |
| 14:42 | Research | Feudal Age |
| 15:13 | Build | Mill |
| 15:48 | Build | Barracks |
| 16:37 | Create | Villager (Male) |
| 16:38 | Create | Villager (Male) |
| 16:52 | Age | Feudal Age |
| 17:03 | Research | Double-Bit Axe |
| 17:05 | Research | Horse Collar |
| 17:17 | Research | Tech 906 |
| 17:32 | Create | Villager (Male) |
| 17:32 | Create | Villager (Male) |
| 17:59 | Build | Blacksmith |
| 18:38 | Create | Villager (Male) |
| 18:38 | Create | Villager (Male) |
| 18:46 | Create | Villager (Male) |
| 18:53 | Research | Fletching |
| 19:18 | Build | Farm |
| 19:19 | Build | Farm |
| 19:21 | Build | Farm |
| 19:23 | Build | Farm |
| 19:25 | Build | Farm |
| 19:27 | Build | Farm |
| 19:40 | Build | Farm |
| 19:43 | Create | Villager (Male) |
| 19:44 | Create | Villager (Male) |
| 20:24 | Build | Market |
| 20:42 | Create | Villager (Male) |
| 20:42 | Create | Villager (Male) |
| 20:43 | Create | Villager (Male) |
| 21:42 | Build | Stable |
| 21:56 | Research | Castle Age |
| 22:06 | Build | Archery Range |
| 22:25 | Research | Bloodlines |
| 22:31 | Research | Forging |
| 22:40 | Build | Watch Tower |
| 22:45 | Research | Stone Mining |
| 23:05 | Build | Archery Range |
| 23:16 | Build | Stable |
| 23:29 | Build | Mill |
| 23:38 | Research | Wheelbarrow |
| 24:37 | Age | Castle Age |
| 25:08 | Build | Town Center |
| 25:17 | Research | Heavy Plow |
| 25:48 | Research | Town Watch |
| 25:58 | Create | Villager (Male) |
| 26:21 | Create | Villager (Male) ×5 |
| 26:30 | Research | Gillnets |
| 26:50 | Create | Cavalry Archer ×5 |
| 26:56 | Research | Husbandry |
| 27:12 | Create | Spearman |
| 27:14 | Create | Spearman |
| 27:15 | Research | Pikeman (upgrade) |
| 27:19 | Research | Squires |
| 27:31 | Research | Padded Archer Armor |
| 27:46 | Create | Villager (Male) ×2 |
| 28:02 | Create | Villager (Male) |
| 28:08 | Create | Villager (Male) |
| 28:28 | Create | Cavalry Archer ×5 |
| 29:07 | Create | Spearman |
| 29:08 | Create | Spearman |
| 29:09 | Create | Spearman |
| 29:33 | Create | Villager (Male) |
| 29:49 | Create | Fishing Ship ×5 |
| 30:04 | Create | Cavalry Archer ×5 |
| 30:12 | Create | Villager (Male) ×5 |
| 30:30 | Build | Castle |
| 30:39 | Build | University |
| 31:03 | Research | Bodkin Arrow |
| 31:19 | Research | Gold Mining |
| 31:33 | Create | Villager (Male) ×4 |
| 31:47 | Create | Villager (Male) |
| 32:02 | Create | Cavalry Archer ×3 |
| 32:06 | Create | Cavalry Archer |
| 32:29 | Create | Cavalry Archer |
| 32:53 | Research | Murder Holes |
| 33:05 | Research | Ballistics |
| 33:19 | Create | Villager (Male) ×5 |
| 33:39 | Build | Monastery |
| 33:50 | Build | Mill |
| 34:17 | Research | Hand Cart |
| 34:20 | Create | Monk |
| 34:24 | Research | Fervor |
| 34:33 | Research | Leather Archer Armor |
| 35:05 | Build | Mining Camp |
| 35:42 | Create | Villager (Male) ×5 |
| 36:17 | Build | Lumber Camp |
| 36:40 | Build | Castle |
| 36:48 | Build | Archery Range |
| 36:58 | Build | Archery Range |
| 37:07 | Build | Archery Range |
| 37:15 | Build | Stable |
| 37:29 | Build | Stable |
| 37:56 | Build | Stable |
| 38:18 | Build | Mining Camp |
| 38:36 | Research | Imperial Age |
| 38:57 | Build | Dock |
| 39:16 | Research | Bow Saw |
| 39:51 | Create | Villager (Male) ×5 |
| 40:06 | Research | Gold Shaft Mining |
| 40:25 | Create | Cavalry Archer ×5 |
| 40:26 | Create | Cavalry Archer ×5 |
| 40:30 | Create | Knight ×3 |
| 40:34 | Create | Knight |
| 40:45 | Create | Knight |
| 41:13 | Build | Castle |
| 41:26 | Build | Farm |
| 41:28 | Build | Farm |
| 41:30 | Build | Farm |
| 41:38 | Build | Farm |
| 41:43 | Research | Scale Barding Armor |
| 41:46 | Age | Imperial Age |
| 41:55 | Research | Conscription |
| 42:15 | Research | Parthian Tactics |
| 42:29 | Build | Farm |
| 42:50 | Research | Chemistry |
| 42:57 | Create | Cavalry Archer ×5 |
| 43:01 | Create | Knight ×3 |
Build order — Rascota
First 150 of 166 actions detected
| 0:19 | Build | House |
| 1:09 | Build | Town Center |
| 3:42 | Create | Villager (Male) |
| 3:42 | Create | Villager (Male) |
| 3:42 | Create | Villager (Male) |
| 3:45 | Create | Villager (Male) |
| 3:45 | Create | Villager (Male) |
| 3:50 | Build | House |
| 4:40 | Create | Villager (Male) |
| 4:40 | Create | Villager (Male) |
| 4:56 | Research | Loom |
| 5:43 | Create | Villager (Male) |
| 5:43 | Create | Villager (Male) |
| 5:43 | Create | Villager (Male) |
| 6:09 | Create | Villager (Male) |
| 6:18 | Build | House |
| 7:22 | Build | Dock |
| 7:30 | Create | Villager (Male) |
| 7:30 | Create | Villager (Male) |
| 7:31 | Create | Villager (Male) |
| 7:31 | Create | Villager (Male) |
| 8:12 | Create | Villager (Male) |
| 8:12 | Create | Villager (Male) |
| 8:24 | Build | Mill |
| 8:59 | Create | Villager (Male) |
| 9:00 | Create | Villager (Male) |
| 9:22 | Create | Fishing Ship |
| 9:26 | Create | Villager (Male) |
| 9:27 | Create | Villager (Male) |
| 9:29 | Create | Villager (Male) |
| 9:29 | Create | Villager (Male) |
| 9:31 | Create | Villager (Male) |
| 9:32 | Create | Villager (Male) |
| 9:59 | Create | Fishing Ship |
| 10:21 | Build | House |
| 10:22 | Build | House |
| 10:36 | Create | Fishing Ship |
| 10:36 | Create | Fishing Ship |
| 10:59 | Build | House |
| 11:05 | Create | Villager (Male) |
| 11:05 | Create | Villager (Male) |
| 11:05 | Create | Villager (Male) |
| 11:12 | Build | Farm |
| 11:12 | Build | Farm |
| 11:15 | Build | Farm |
| 11:52 | Create | Villager (Male) |
| 11:53 | Create | Villager (Male) |
| 12:35 | Create | Villager (Male) |
| 12:48 | Build | Barracks |
| 12:59 | Create | Fishing Ship |
| 13:45 | Build | House |
| 13:51 | Build | House |
| 14:04 | Research | Feudal Age |
| 14:16 | Build | Mining Camp |
| 14:55 | Build | Mining Camp |
| 15:08 | Build | Outpost |
| 15:40 | Create | Fishing Ship |
| 15:41 | Create | Fishing Ship |
| 15:41 | Create | Fishing Ship |
| 15:46 | Build | House |
| 16:14 | Age | Feudal Age |
| 16:32 | Build | Watch Tower |
| 16:38 | Research | Man-at-Arms (upgrade) |
| 16:39 | Create | Militia |
| 16:39 | Create | Militia |
| 16:40 | Create | Militia |
| 16:40 | Create | Militia |
| 16:43 | Create | Villager (Male) |
| 16:43 | Create | Villager (Male) |
| 16:44 | Create | Villager (Male) |
| 16:45 | Create | Villager (Male) |
| 16:53 | Build | Archery Range |
| 17:10 | Build | Farm |
| 17:10 | Build | Farm |
| 18:03 | Build | Farm |
| 18:03 | Build | Farm |
| 18:10 | Create | Demolition Raft |
| 18:10 | Create | Demolition Raft |
| 18:50 | Build | House |
| 19:17 | Build | Watch Tower |
| 19:42 | Build | Watch Tower |
| 21:09 | Build | Market |
| 21:26 | Create | Villager (Male) |
| 21:27 | Create | Villager (Male) |
| 21:54 | Create | Demolition Raft |
| 21:55 | Create | Demolition Raft |
| 21:59 | Create | Fishing Ship ×3 |
| 21:59 | Create | Fishing Ship ×3 |
| 22:24 | Create | Militia ×5 |
| 22:44 | Build | Stone Wall |
| 23:17 | Build | House |
| 23:18 | Build | House |
| 23:20 | Build | House |
| 23:22 | Build | House |
| 23:23 | Build | House |
| 23:52 | Build | Blacksmith |
| 23:58 | Research | Castle Age |
| 23:59 | Research | Wheelbarrow |
| 25:51 | Build | House |
| 26:38 | Age | Castle Age |
| 27:07 | Build | Castle |
| 27:19 | Research | Crossbowman (upgrade) |
| 27:21 | Create | Villager (Male) |
| 27:21 | Create | Villager (Male) |
| 27:22 | Create | Villager (Male) |
| 27:22 | Create | Villager (Male) |
| 27:22 | Create | Villager (Male) |
| 27:23 | Create | Villager (Male) |
| 27:23 | Create | Villager (Male) |
| 27:23 | Create | Villager (Male) |
| 28:05 | Build | House |
| 28:17 | Build | House |
| 28:18 | Build | House |
| 28:36 | Create | Archer ×3 |
| 28:36 | Create | Archer ×3 |
| 29:21 | Create | Villager (Male) |
| 29:22 | Create | Villager (Male) |
| 29:22 | Create | Villager (Male) |
| 29:40 | Create | Villager (Male) |
| 29:40 | Create | Villager (Male) |
| 29:41 | Create | Villager (Male) |
| 30:34 | Create | Villager (Male) |
| 30:35 | Create | Villager (Male) |
| 30:35 | Create | Villager (Male) |
| 31:11 | Create | Villager (Male) |
| 31:11 | Create | Villager (Male) |
| 31:12 | Create | Villager (Male) |
| 31:13 | Create | Villager (Male) |
| 31:32 | Build | Town Center |
| 31:41 | Build | Farm |
| 31:41 | Build | Farm |
| 33:15 | Create | Villager (Male) |
| 33:15 | Create | Villager (Male) |
| 33:16 | Create | Villager (Male) |
| 33:16 | Create | Villager (Male) |
| 33:17 | Create | Villager (Male) |
| 33:18 | Create | Villager (Male) |
| 33:18 | Create | Villager (Male) |
| 33:40 | Build | House |
| 33:53 | Create | Villager (Male) |
| 33:54 | Create | Villager (Male) |
| 33:54 | Create | Villager (Male) |
| 33:56 | Create | Villager (Male) |
| 33:56 | Create | Villager (Male) |
| 33:56 | Create | Villager (Male) |
| 33:57 | Create | Villager (Male) |
| 34:25 | Build | House |
| 34:28 | Build | House |
| 34:31 | Build | House |
| 35:34 | Create | Villager (Male) |
Build order — rafael.daniek
First 150 of 254 actions detected
| 1:29 | Build | Town Center |
| 2:57 | Build | Mill |
| 3:53 | Build | House |
| 3:58 | Create | Villager (Male) |
| 3:58 | Create | Villager (Male) |
| 4:17 | Create | Villager (Male) |
| 4:17 | Create | Villager (Male) |
| 5:39 | Build | House |
| 5:50 | Create | Villager (Male) |
| 6:10 | Create | Villager (Male) |
| 6:44 | Create | Villager (Male) |
| 7:10 | Create | Villager (Male) |
| 7:25 | Create | Villager (Male) |
| 7:39 | Create | Villager (Male) |
| 8:03 | Create | Villager (Male) |
| 8:40 | Build | House |
| 8:48 | Create | Villager (Male) |
| 9:09 | Create | Villager (Male) |
| 9:26 | Build | House |
| 9:37 | Create | Villager (Male) |
| 10:03 | Build | Lumber Camp |
| 10:29 | Create | Villager (Male) |
| 10:59 | Create | Villager (Male) |
| 11:33 | Build | Dock |
| 11:37 | Create | Villager (Male) |
| 11:52 | Build | Mill |
| 12:02 | Create | Villager (Male) |
| 12:18 | Create | Fishing Ship |
| 12:38 | Create | Villager (Male) |
| 13:14 | Create | Fishing Ship |
| 13:39 | Build | House |
| 14:05 | Research | Feudal Age |
| 14:06 | Create | Villager (Male) |
| 14:15 | Create | Fishing Ship |
| 14:45 | Build | Lumber Camp |
| 15:10 | Build | Farm |
| 15:12 | Build | Farm |
| 15:15 | Create | Fishing Ship |
| 15:59 | Create | Fishing Ship |
| 16:15 | Age | Feudal Age |
| 16:20 | Build | Dock |
| 16:27 | Create | Villager (Male) |
| 16:31 | Research | Double-Bit Axe |
| 16:48 | Build | House |
| 17:03 | Build | House |
| 17:21 | Build | Farm |
| 17:31 | Build | House |
| 17:38 | Create | Demolition Raft |
| 17:40 | Create | Demolition Raft |
| 18:05 | Build | Mill |
| 18:36 | Create | Demolition Raft |
| 18:46 | Create | Unit 2626 |
| 18:54 | Research | Wheelbarrow |
| 18:56 | Create | Villager (Male) |
| 19:16 | Build | Palisade Wall |
| 19:21 | Create | Villager (Male) |
| 19:25 | Build | Farm |
| 19:27 | Build | Farm |
| 20:12 | Create | Fishing Ship |
| 20:26 | Create | Fishing Ship |
| 20:31 | Create | Fishing Ship |
| 20:37 | Create | Villager (Male) |
| 20:47 | Research | Horse Collar |
| 21:42 | Research | Castle Age |
| 21:53 | Build | Mining Camp |
| 22:05 | Build | House |
| 22:09 | Build | House |
| 22:22 | Create | Fishing Ship |
| 22:22 | Create | Fishing Ship |
| 23:02 | Build | House |
| 23:07 | Build | House |
| 23:10 | Build | House |
| 23:55 | Create | Unit 2626 |
| 24:18 | Research | Stone Mining |
| 24:22 | Age | Castle Age |
| 24:32 | Build | House |
| 24:39 | Build | House |
| 24:40 | Build | House |
| 24:41 | Build | House |
| 24:43 | Build | House |
| 24:44 | Build | House |
| 24:46 | Build | House |
| 24:49 | Build | House |
| 24:53 | Create | Villager (Male) |
| 24:54 | Create | Villager (Male) |
| 24:55 | Create | Villager (Male) |
| 25:00 | Research | Gold Mining |
| 25:52 | Create | Villager (Male) |
| 26:02 | Build | Monastery |
| 26:13 | Build | Farm |
| 26:29 | Research | Stone Shaft Mining |
| 26:32 | Create | Villager (Male) |
| 26:44 | Create | Monk |
| 27:03 | Create | Unit 2626 |
| 27:22 | Create | Fishing Ship |
| 27:22 | Create | Fishing Ship |
| 27:35 | Create | Villager (Male) |
| 27:35 | Create | Villager (Male) |
| 27:35 | Create | Villager (Male) |
| 27:36 | Create | Villager (Male) |
| 27:54 | Research | Bow Saw |
| 28:01 | Create | Villager (Male) |
| 28:54 | Create | Villager (Male) |
| 29:06 | Build | Town Center |
| 29:28 | Build | Town Center |
| 29:32 | Create | Villager (Male) |
| 29:45 | Research | Tech 906 |
| 30:19 | Build | Dock |
| 30:25 | Build | House |
| 30:29 | Build | House |
| 30:54 | Create | Villager (Male) |
| 30:57 | Research | Imperial Age |
| 30:58 | Research | Hand Cart |
| 31:02 | Create | Villager (Male) |
| 31:03 | Create | Villager (Male) |
| 31:03 | Create | Villager (Male) |
| 31:03 | Create | Villager (Male) |
| 31:06 | Create | Villager (Male) |
| 31:10 | Create | Villager (Male) |
| 31:10 | Create | Villager (Male) |
| 31:12 | Create | Villager (Male) |
| 31:12 | Create | Villager (Male) |
| 31:13 | Create | Villager (Male) |
| 31:13 | Create | Villager (Male) |
| 31:13 | Create | Villager (Male) |
| 31:14 | Create | Villager (Male) |
| 31:14 | Create | Villager (Male) |
| 31:14 | Create | Villager (Male) |
| 31:15 | Create | Villager (Male) |
| 31:15 | Create | Villager (Male) |
| 31:15 | Create | Villager (Male) |
| 31:15 | Create | Villager (Male) |
| 31:29 | Create | Demolition Raft |
| 31:30 | Create | Demolition Raft |
| 31:30 | Create | Demolition Raft |
| 31:42 | Build | Dock |
| 32:16 | Build | Castle |
| 32:26 | Create | Villager (Male) |
| 32:26 | Create | Villager (Male) |
| 32:26 | Create | Villager (Male) |
| 32:27 | Create | Villager (Male) |
| 32:36 | Build | Farm |
| 32:37 | Build | Farm |
| 32:37 | Build | Farm |
| 32:37 | Build | Farm |
| 32:37 | Build | Farm |
| 32:38 | Build | Farm |
| 32:38 | Build | Farm |
| 33:07 | Create | Villager (Male) |
| 33:07 | Create | Villager (Male) |
Build order — BOT Sidra (Oscargután Puente)
First 150 of 186 actions detected
| 0:06 | Build | Town Center |
| 2:33 | Create | Villager (Male) |
| 2:33 | Create | Villager (Male) |
| 2:33 | Research | Loom |
| 2:34 | Create | Villager (Male) |
| 2:34 | Create | Villager (Male) |
| 2:35 | Create | Villager (Male) |
| 2:50 | Build | House |
| 2:52 | Build | House |
| 2:54 | Build | House |
| 3:52 | Create | Villager (Male) |
| 3:52 | Create | Villager (Male) |
| 4:28 | Build | Mill |
| 4:35 | Create | Villager (Male) |
| 5:03 | Create | Villager (Male) |
| 5:37 | Create | Villager (Male) |
| 5:37 | Create | Villager (Male) |
| 5:55 | Create | Villager (Male) |
| 5:55 | Create | Villager (Male) |
| 6:51 | Create | Villager (Male) |
| 6:51 | Create | Villager (Male) |
| 7:20 | Build | Dock |
| 7:26 | Create | Villager (Male) |
| 7:26 | Create | Villager (Male) |
| 7:49 | Create | Villager (Male) |
| 8:04 | Create | Fishing Ship |
| 8:12 | Create | Villager (Male) |
| 8:12 | Create | Villager (Male) |
| 8:26 | Create | Villager (Male) |
| 8:35 | Create | Fishing Ship |
| 8:59 | Create | Fishing Ship |
| 9:07 | Create | Villager (Male) |
| 9:07 | Create | Villager (Male) |
| 9:21 | Build | House |
| 9:23 | Build | House |
| 9:28 | Build | House |
| 9:29 | Build | House |
| 9:32 | Build | House |
| 9:46 | Create | Fishing Ship |
| 9:47 | Create | Fishing Ship |
| 9:56 | Create | Villager (Male) |
| 9:56 | Create | Villager (Male) |
| 10:23 | Create | Villager (Male) |
| 10:23 | Create | Villager (Male) |
| 10:53 | Create | Fishing Ship |
| 11:30 | Create | Fishing Ship |
| 11:52 | Create | Villager (Male) |
| 11:53 | Create | Villager (Male) |
| 12:08 | Build | Farm |
| 12:14 | Build | Farm |
| 12:18 | Build | Farm |
| 12:27 | Create | Fishing Ship |
| 12:43 | Create | Villager (Male) |
| 13:05 | Build | Farm |
| 13:10 | Build | Farm |
| 13:15 | Create | Villager (Male) |
| 13:25 | Create | Fishing Ship |
| 13:50 | Build | Dock |
| 13:59 | Research | Feudal Age |
| 14:18 | Build | Mining Camp |
| 14:29 | Build | Dock |
| 14:50 | Create | Villager (Male) |
| 14:50 | Create | Villager (Male) |
| 14:51 | Create | Villager (Male) |
| 15:48 | Build | House |
| 15:49 | Build | House |
| 15:50 | Build | House |
| 16:02 | Build | Lumber Camp |
| 16:09 | Age | Feudal Age |
| 16:14 | Research | Wheelbarrow |
| 16:18 | Research | Tech 906 |
| 16:42 | Research | Stone Mining |
| 16:52 | Create | Villager (Male) |
| 16:52 | Create | Villager (Male) |
| 17:23 | Build | Lumber Camp |
| 17:28 | Build | Mill |
| 17:37 | Create | Villager (Male) |
| 17:37 | Create | Villager (Male) |
| 17:54 | Create | Villager (Male) |
| 18:56 | Build | Mining Camp |
| 19:22 | Build | Watch Tower |
| 19:31 | Research | Town Watch |
| 19:32 | Create | Villager (Male) |
| 19:32 | Create | Villager (Male) |
| 19:38 | Research | Double-Bit Axe |
| 19:42 | Research | Horse Collar |
| 19:58 | Build | Watch Tower |
| 20:50 | Build | Market |
| 20:55 | Build | Blacksmith |
| 21:04 | Create | Villager (Male) |
| 21:04 | Create | Villager (Male) |
| 21:05 | Create | Villager (Male) |
| 21:05 | Create | Villager (Male) |
| 21:53 | Research | Gold Mining |
| 21:55 | Create | Villager (Male) |
| 21:56 | Create | Villager (Male) |
| 21:56 | Create | Villager (Male) |
| 22:12 | Build | Dock |
| 22:26 | Create | Fishing Ship |
| 22:26 | Create | Fishing Ship |
| 22:30 | Create | Fishing Ship |
| 23:08 | Create | Villager (Male) |
| 23:08 | Create | Villager (Male) |
| 23:31 | Research | Castle Age |
| 23:35 | Create | Villager (Male) |
| 23:35 | Create | Villager (Male) |
| 23:36 | Create | Villager (Male) |
| 23:36 | Create | Villager (Male) |
| 24:54 | Build | Lumber Camp |
| 25:01 | Build | Farm |
| 25:04 | Build | Farm |
| 25:07 | Build | Farm |
| 25:11 | Build | Farm |
| 25:46 | Build | Barracks |
| 25:47 | Build | Barracks |
| 25:49 | Build | Barracks |
| 25:51 | Build | Barracks |
| 26:22 | Create | Villager (Male) |
| 26:22 | Create | Villager (Male) |
| 26:25 | Age | Castle Age |
| 26:36 | Build | Castle |
| 26:44 | Research | Hand Cart |
| 28:24 | Build | University |
| 29:00 | Build | Watch Tower |
| 29:10 | Create | Petard |
| 29:10 | Create | Petard |
| 29:11 | Create | Petard |
| 29:11 | Create | Petard |
| 29:11 | Create | Petard |
| 29:26 | Research | Murder Holes |
| 29:40 | Build | Archery Range |
| 29:41 | Build | Archery Range |
| 29:42 | Build | Archery Range |
| 29:53 | Research | Bow Saw |
| 29:59 | Research | Heavy Plow |
| 30:34 | Create | Spearman |
| 30:34 | Create | Spearman |
| 30:34 | Create | Spearman |
| 30:34 | Create | Spearman |
| 30:35 | Create | Spearman |
| 30:35 | Create | Spearman |
| 31:30 | Create | Petard |
| 31:30 | Create | Petard |
| 31:30 | Create | Petard |
| 31:30 | Create | Petard |
| 31:31 | Create | Petard |
| 32:33 | Create | Villager (Male) |
| 32:33 | Create | Villager (Male) |
| 32:33 | Create | Villager (Male) |
| 32:34 | Create | Villager (Male) |
Build order — wilderbeest1
First 150 of 268 actions detected
| 1:32 | Build | Town Center |
| 3:49 | Create | Villager (Male) ×4 |
| 4:57 | Create | Villager (Male) |
| 5:47 | Create | Villager (Male) |
| 6:00 | Create | Villager (Male) |
| 6:42 | Create | Villager (Male) |
| 7:00 | Create | Villager (Male) |
| 7:26 | Create | Villager (Male) |
| 7:55 | Build | Dock |
| 7:59 | Create | Villager (Male) |
| 8:36 | Create | Villager (Male) |
| 8:37 | Create | Fishing Ship ×2 |
| 9:02 | Create | Villager (Male) |
| 9:19 | Create | Villager (Male) |
| 9:26 | Create | Fishing Ship ×2 |
| 9:46 | Create | Villager (Male) |
| 10:06 | Create | Villager (Male) |
| 10:09 | Create | Fishing Ship |
| 10:45 | Create | Villager (Male) ×2 |
| 11:11 | Build | Lumber Camp |
| 11:14 | Create | Villager (Male) ×2 |
| 11:28 | Create | Villager (Male) |
| 11:41 | Build | Mill |
| 11:53 | Create | Villager (Male) |
| 11:53 | Create | Villager (Male) |
| 12:19 | Create | Fishing Ship |
| 13:05 | Build | Mining Camp |
| 13:42 | Research | Feudal Age |
| 13:46 | Create | Villager (Male) |
| 13:46 | Create | Villager (Male) |
| 13:47 | Create | Villager (Male) |
| 13:47 | Research | Loom |
| 14:01 | Build | Barracks |
| 14:13 | Build | Palisade Wall |
| 14:17 | Build | Palisade Gate |
| 14:34 | Create | Villager (Male) |
| 14:35 | Create | Villager (Male) |
| 14:36 | Research | Loom |
| 14:38 | Create | Villager (Male) |
| 14:38 | Create | Villager (Male) |
| 14:45 | Create | Fishing Ship |
| 15:52 | Age | Feudal Age |
| 16:19 | Build | Stable |
| 16:23 | Create | Spearman |
| 16:33 | Build | Blacksmith |
| 16:55 | Build | Market |
| 17:29 | Build | Mining Camp |
| 18:27 | Build | Outpost |
| 18:35 | Research | Castle Age |
| 18:45 | Build | Mining Camp |
| 18:56 | Create | Scout Cavalry |
| 18:56 | Create | Scout Cavalry |
| 18:56 | Create | Scout Cavalry |
| 19:18 | Build | Dock |
| 19:23 | Research | Horse Collar |
| 19:26 | Create | Villager (Male) |
| 19:26 | Create | Villager (Male) |
| 19:27 | Create | Villager (Male) |
| 19:38 | Research | Double-Bit Axe |
| 20:26 | Create | Villager (Male) |
| 20:26 | Create | Villager (Male) |
| 20:27 | Create | Villager (Male) |
| 20:33 | Create | Fishing Ship |
| 20:33 | Create | Fishing Ship |
| 20:56 | Build | Archery Range |
| 21:15 | Age | Castle Age |
| 21:18 | Create | Villager (Male) |
| 21:30 | Create | Scout Cavalry |
| 21:30 | Create | Scout Cavalry |
| 21:31 | Create | Scout Cavalry |
| 21:31 | Create | Scout Cavalry |
| 22:39 | Build | Town Center |
| 22:46 | Create | Villager (Male) |
| 22:46 | Create | Villager (Male) |
| 22:52 | Create | Cavalry Archer |
| 22:52 | Create | Cavalry Archer |
| 22:52 | Create | Cavalry Archer |
| 22:53 | Create | Cavalry Archer |
| 22:53 | Create | Cavalry Archer |
| 22:57 | Create | Scout Cavalry |
| 22:57 | Create | Scout Cavalry |
| 22:58 | Research | Light Cavalry (upgrade) |
| 23:08 | Create | Unit 2626 |
| 23:20 | Create | Villager (Male) |
| 23:37 | Build | Mill |
| 23:49 | Create | Knight |
| 23:50 | Create | Knight |
| 24:30 | Create | Villager (Male) |
| 24:30 | Create | Villager (Male) |
| 24:31 | Create | Villager (Male) |
| 24:53 | Build | Town Center |
| 24:58 | Create | Villager (Male) |
| 24:58 | Create | Villager (Male) |
| 25:13 | Create | Villager (Male) |
| 25:18 | Create | Fishing Ship |
| 25:18 | Create | Fishing Ship |
| 25:19 | Create | Fishing Ship |
| 25:19 | Create | Fishing Ship |
| 26:09 | Create | Villager (Male) |
| 26:09 | Create | Villager (Male) |
| 26:09 | Create | Villager (Male) |
| 26:14 | Research | Forging |
| 26:50 | Create | Villager (Male) |
| 26:50 | Create | Villager (Male) |
| 26:50 | Create | Villager (Male) |
| 26:50 | Create | Villager (Male) |
| 26:51 | Create | Villager (Male) |
| 26:51 | Create | Villager (Male) |
| 26:51 | Create | Villager (Male) |
| 27:33 | Create | Villager (Male) |
| 27:34 | Create | Villager (Male) |
| 27:34 | Create | Villager (Male) |
| 27:34 | Create | Villager (Male) |
| 27:47 | Create | Knight |
| 28:12 | Create | Villager (Male) |
| 28:12 | Create | Villager (Male) |
| 28:12 | Create | Villager (Male) |
| 28:13 | Create | Villager (Male) |
| 28:13 | Create | Villager (Male) |
| 28:18 | Build | Farm |
| 28:23 | Create | Fishing Ship |
| 28:23 | Create | Fishing Ship |
| 28:24 | Create | Fishing Ship |
| 28:24 | Create | Fishing Ship |
| 28:24 | Create | Fishing Ship |
| 28:24 | Create | Fishing Ship |
| 28:25 | Create | Fishing Ship |
| 28:25 | Create | Fishing Ship |
| 28:56 | Create | Skirmisher |
| 28:56 | Create | Skirmisher |
| 28:57 | Create | Skirmisher |
| 28:57 | Create | Skirmisher |
| 28:57 | Create | Skirmisher |
| 29:23 | Build | Castle |
| 29:48 | Create | Villager (Male) |
| 29:48 | Create | Villager (Male) |
| 29:49 | Create | Villager (Male) |
| 29:49 | Create | Villager (Male) |
| 29:49 | Create | Villager (Male) |
| 29:49 | Create | Villager (Male) |
| 30:22 | Create | Skirmisher |
| 30:32 | Research | Tech 906 |
| 30:44 | Create | Villager (Male) |
| 30:45 | Create | Villager (Male) |
| 30:45 | Create | Villager (Male) |
| 30:54 | Build | Farm |
| 30:59 | Build | Farm |
| 31:09 | Build | Dock |
| 31:12 | Build | Dock |
| 31:15 | Build | Dock |
Build order — P4jancio
0 actions detected in the replay
Build order — kpearcechauhann
First 150 of 261 actions detected
| 0:59 | Build | Town Center |
| 3:02 | Build | House |
| 3:07 | Build | House |
| 3:08 | Create | Villager (Male) |
| 3:09 | Create | Villager (Male) |
| 3:09 | Create | Villager (Male) |
| 3:09 | Create | Villager (Male) |
| 3:09 | Create | Villager (Male) |
| 3:24 | Build | Lumber Camp |
| 4:28 | Create | Villager (Male) |
| 4:28 | Create | Villager (Male) |
| 4:50 | Create | Villager (Male) |
| 4:50 | Create | Villager (Male) |
| 6:07 | Create | Villager (Male) |
| 6:07 | Create | Villager (Male) |
| 6:15 | Create | Villager (Male) |
| 7:05 | Build | House |
| 7:10 | Build | House |
| 7:14 | Create | Villager (Male) |
| 7:28 | Create | Villager (Male) |
| 7:52 | Create | Villager (Male) |
| 7:53 | Create | Villager (Male) |
| 8:11 | Create | Villager (Male) |
| 8:35 | Create | Villager (Male) |
| 9:01 | Build | Dock |
| 9:07 | Create | Villager (Male) |
| 9:30 | Build | Mill |
| 9:57 | Create | Villager (Male) |
| 10:02 | Create | Villager (Male) |
| 10:24 | Build | Mill |
| 10:28 | Create | Villager (Male) |
| 10:49 | Create | Fishing Ship |
| 10:49 | Create | Fishing Ship |
| 11:24 | Build | Mill |
| 11:36 | Create | Villager (Male) |
| 11:39 | Create | Villager (Male) |
| 11:47 | Build | House |
| 11:54 | Create | Villager (Male) |
| 11:58 | Create | Fishing Ship |
| 11:58 | Create | Fishing Ship |
| 12:47 | Build | House |
| 12:51 | Create | Villager (Male) |
| 12:58 | Create | Fishing Ship |
| 13:14 | Research | Feudal Age |
| 13:32 | Build | Mill |
| 14:03 | Create | Fishing Ship |
| 14:25 | Build | Mill |
| 15:21 | Create | Villager (Male) |
| 15:21 | Create | Villager (Male) |
| 15:38 | Age | Feudal Age |
| 15:44 | Build | Blacksmith |
| 15:50 | Create | Villager (Male) |
| 15:55 | Research | Double-Bit Axe |
| 15:55 | Research | Double-Bit Axe |
| 16:26 | Build | House |
| 16:33 | Create | Villager (Male) |
| 16:34 | Create | Villager (Male) |
| 17:09 | Build | Market |
| 17:15 | Create | Villager (Male) |
| 17:21 | Research | Scale Barding Armor |
| 17:21 | Research | Scale Barding Armor |
| 17:21 | Research | Scale Mail Armor |
| 17:22 | Research | Scale Mail Armor |
| 17:23 | Research | Forging |
| 17:23 | Research | Forging |
| 17:25 | Create | Villager (Male) |
| 17:29 | Research | Horse Collar |
| 17:29 | Research | Horse Collar |
| 18:00 | Research | Castle Age |
| 18:30 | Build | Barracks |
| 18:43 | Build | House |
| 18:48 | Build | House |
| 18:49 | Build | House |
| 18:52 | Build | House |
| 19:17 | Build | Mining Camp |
| 19:28 | Create | Villager (Male) |
| 19:29 | Create | Militia ×4 |
| 19:47 | Build | Farm |
| 19:48 | Build | Farm |
| 19:48 | Build | Farm |
| 19:48 | Build | Farm |
| 19:48 | Build | Farm |
| 19:49 | Build | Farm |
| 19:49 | Build | Farm |
| 19:49 | Build | Farm |
| 19:50 | Build | Farm |
| 19:50 | Build | Farm |
| 19:50 | Build | Farm |
| 19:50 | Build | Farm |
| 19:51 | Build | Farm |
| 19:51 | Build | Farm |
| 19:52 | Build | Farm |
| 19:54 | Create | Militia |
| 20:07 | Build | Palisade Wall |
| 20:23 | Build | Farm |
| 20:23 | Build | Farm |
| 20:28 | Create | Militia ×2 |
| 20:40 | Build | Mining Camp |
| 20:48 | Age | Castle Age |
| 20:54 | Build | House |
| 21:01 | Build | House |
| 21:02 | Build | House |
| 21:04 | Build | House |
| 21:13 | Create | Militia ×2 |
| 21:27 | Create | Villager (Male) ×5 |
| 21:31 | Research | Wheelbarrow |
| 21:31 | Research | Wheelbarrow |
| 21:35 | Research | Bow Saw |
| 21:36 | Research | Bow Saw |
| 21:36 | Research | Bow Saw |
| 21:41 | Create | Militia |
| 21:57 | Research | Squires |
| 22:18 | Research | Chain Mail Armor |
| 22:18 | Research | Chain Mail Armor |
| 22:34 | Research | Heavy Plow |
| 22:34 | Research | Heavy Plow |
| 22:36 | Create | Villager (Male) |
| 22:44 | Create | Militia |
| 22:44 | Create | Militia |
| 23:08 | Create | Villager (Male) |
| 23:11 | Create | Militia |
| 23:33 | Build | Town Center |
| 23:41 | Build | Farm |
| 23:42 | Build | Farm |
| 23:42 | Build | Farm |
| 23:46 | Create | Villager (Male) ×3 |
| 23:59 | Create | Militia |
| 23:59 | Create | Militia |
| 24:41 | Research | Loom |
| 24:45 | Create | Villager (Male) ×5 |
| 24:49 | Create | Militia ×2 |
| 24:49 | Create | Militia ×2 |
| 25:10 | Create | Villager (Male) |
| 25:11 | Create | Villager (Male) |
| 25:27 | Build | Farm |
| 25:28 | Build | Farm |
| 25:33 | Build | Farm |
| 25:34 | Build | Farm |
| 25:34 | Build | Farm |
| 25:34 | Build | Farm |
| 25:35 | Build | Farm |
| 25:35 | Build | Farm |
| 25:35 | Build | Farm |
| 25:35 | Build | Farm |
| 25:36 | Build | Farm |
| 25:36 | Build | Farm |
| 25:44 | Create | Villager (Male) |
| 26:07 | Create | Villager (Male) |
| 26:09 | Create | Villager (Male) |
| 26:10 | Create | Villager (Male) |
Match timeline
| 0:49 | P4jancio · resign |
| 4:45 | Searam · wall_segment Palisade Wall x1 |
| 4:58 | Searam · wall_segment Palisade Wall x2 |
| 5:09 | Searam · wall_segment Palisade Wall x5 |
| 6:24 | Searam · first_building Dock |
| 7:20 | BOT Sidra (Oscargután Puente) · first_building Dock |
| 7:22 | Rascota · first_building Dock |
| 7:55 | wilderbeest1 · first_building Dock |
| 9:01 | kpearcechauhann · first_building Dock |
| 11:33 | rafael.daniek · first_building Dock |
| 12:22 | Wolfgang5150 · first_building Dock |
| 12:48 | Rascota · first_building Barracks |
| 14:01 | wilderbeest1 · first_building Barracks |
| 14:13 | wilderbeest1 · wall_segment Palisade Wall x15 |
| 14:55 | Searam · wall_segment Palisade Wall x10 |
| 15:38 | kpearcechauhann · age_up feudal |
| 15:39 | Searam · first_building Barracks |
| 15:48 | Wolfgang5150 · first_building Barracks |
| 15:52 | wilderbeest1 · age_up feudal |
| 16:09 | BOT Sidra (Oscargután Puente) · age_up feudal |
| 16:14 | Rascota · age_up feudal |
| 16:15 | rafael.daniek · age_up feudal |
| 16:19 | wilderbeest1 · first_building Stable |
| 16:52 | Wolfgang5150 · age_up feudal |
| 16:53 | Rascota · first_building Archery Range |
| 17:18 | Searam · age_up feudal |
| 18:30 | kpearcechauhann · first_building Barracks |
| 19:16 | rafael.daniek · wall_segment Palisade Wall x20 |
| 20:07 | kpearcechauhann · wall_segment Palisade Wall x1 |
| 20:48 | kpearcechauhann · age_up castle |
| 20:56 | wilderbeest1 · first_building Archery Range |
| 21:15 | wilderbeest1 · age_up castle |
| 21:42 | Wolfgang5150 · first_building Stable |
| 22:06 | Wolfgang5150 · first_building Archery Range |
| 22:27 | Searam · first_market_buy 100 stone |
| 22:44 | Rascota · wall_segment Stone Wall x1 |
| 23:30 | Searam · first_market_sell 100 wood |
| 24:22 | rafael.daniek · age_up castle |
| 24:37 | Wolfgang5150 · age_up castle |
| 25:46 | BOT Sidra (Oscargután Puente) · first_building Barracks |
| 26:02 | rafael.daniek · first_building Monastery |
| 26:25 | BOT Sidra (Oscargután Puente) · age_up castle |
| 26:34 | kpearcechauhann · first_building Castle |
| 26:36 | BOT Sidra (Oscargután Puente) · first_building Castle |
| 26:38 | Rascota · age_up castle |
| 27:07 | Rascota · first_building Castle |
| 28:11 | kpearcechauhann · first_building Krepost |
| 29:23 | wilderbeest1 · first_building Castle |
| 29:40 | BOT Sidra (Oscargután Puente) · first_building Archery Range |
| 30:30 | Wolfgang5150 · first_building Castle |
| 30:49 | Rascota · first_market_buy 100 wood |
| 31:42 | Searam · first_building Archery Range |
| 31:53 | Searam · wall_segment Stone Wall x12 |
| 31:55 | Searam · wall_segment Stone Wall x5 |
| 32:09 | Searam · wall_segment Stone Wall x13 |
| 32:16 | rafael.daniek · first_building Castle |
| 33:08 | kpearcechauhann · first_building Siege Workshop |
| 33:39 | Wolfgang5150 · first_building Monastery |
| 33:56 | Searam · wall_segment Stone Wall x18 |
| 34:10 | rafael.daniek · age_up imperial |
| 34:16 | BOT Sidra (Oscargután Puente) · first_building Siege Workshop |
| 34:30 | Searam · wall_segment Stone Wall x8 |
| 35:22 | Searam · age_up castle |
| 35:31 | rafael.daniek · first_building Siege Workshop |
| 36:19 | wilderbeest1 · age_up imperial |
| 37:02 | Searam · first_building Monastery |
| 37:12 | Searam · first_building Siege Workshop |
| 41:31 | Searam · age_up imperial |
| 41:46 | Wolfgang5150 · age_up imperial |
| 42:25 | rafael.daniek · first_building Stable |
[ AI ANALYSIS · 1 CREDIT ]
What really happened in this match?
Wolo.gg analyzes every decision: build order, eco, micro, common mistakes by bracket. Personalized analysis on WhatsApp or Discord in 30 seconds.
Civ guide
Vikings
Map guide
Nomad
Perfil
Searam